Map: Frostline LE

Players

Miszu

  • Race: Protoss Protoss
  • League: Grandmaster
  • Spawn Location: 1:00

eRaZz - Winner!

  • Race: Zerg Zerg
  • League: Grandmaster
  • Spawn Location: 7:00

VOD

Have the link to the VOD?

Description

Time

  • Played on: Nov. 27, 2024, 1:20 p.m.
  • Length: 12:44
Show
View Real Time Build Order
Export as new Build Order

Miszu Protoss 

Build Orders: 1 Gate Expand, Oracle Opening 

Get SALT Encoding   

  12  0:00  Probe  
  13  0:12  Probe  
  14  0:19  Pylon  
  14  0:24  Probe  
  15  0:33  Probe  
  15  0:39  Gateway  
  15  0:42  Probe  
  16  0:45  Assimilator  
  17  0:54  Probe  
  18  1:02  Probe  
  18  1:10  Probe  
  20  1:27  Cybernetics Core  
  20  1:33  Nexus  
  20  1:36  Probe  
  21  1:42  Pylon  
  21  1:46  Assimilator  
  21  1:49  Probe  
  22  1:55  Adept  
  22  2:01  Probe  
  25  2:13  Probe  
  26  2:23  Stargate  
  26  2:25  Probe, Adept  
  29  2:37  Warp Gate, Probe  
  29  2:41  Probe  
  30  2:50  Probe  
  32  2:55  Adept  
  34  2:58  Oracle  
  34  3:02  Probe  
  34  3:04  Probe  
  37  3:14  Probe  
  37  3:16  Probe  
  39  3:25  Adept  
  39  3:26  Probe  
  42  3:27  Pylon  
  42  3:28  Probe  
  43  3:35  Oracle  
  43  3:38  Probe  
  43  3:41  Probe  
  45  3:43  Nexus  
  45  3:47  Pylon  
  48  3:52  Probe  
  48  3:55  Probe  
  50  4:04  Probe, Assimilator  
  50  4:06  Assimilator  
  50  4:07  Probe  
  52  4:17  Probe  
  53  4:19  Probe  
  54  4:29  Probe  
  54  4:30  Twilight Council  
  55  4:31  Probe, Forge  
  55  4:35  Pylon  
  56  4:41  Probe  
  56  4:43  Probe  
  58  4:52  Protoss Ground Weapons Level 1  
  58  4:53  Probe  
  58  4:55  Probe, Oracle  
  60  5:02  Probe  
  60  5:05  Probe, Stalker  
  60  5:06  Blink  
  65  5:08  Probe  
  65  5:11  Gateway x2  
  65  5:13  Shield Battery  
  66  5:14  Probe  
  66  5:17  Probe  
  66  5:20  Probe  
  69  5:26  Probe  
  66  5:29  Probe  
  66  5:32  Probe  
  68  5:37  Stalker  
  68  5:38  Probe  
  68  5:41  Probe, Gateway  
  68  5:42  Gateway  
  72  5:44  Probe, Gateway, Pylon  
  73  5:50  Probe  
  73  5:51  Robotics Facility  
  73  5:53  Probe, Pylon  
  73  5:56  Probe  
  76  5:57  Pylon  
  76  6:01  Assimilator  
  76  6:02  Assimilator  
  76  6:03  Probe  
  77  6:05  Probe  
  77  6:08  Probe  
  79  6:11  Stalker x2  
  79  6:12  Stalker  
  79  6:15  Probe  
  79  6:16  Pylon  
  79  6:17  Pylon  
  83  6:29  Warp Prism  
  83  6:35  Stalker x4  
  83  6:36  Probe  
  83  6:37  Probe x2  
  94  6:44  Pylon  
  94  6:48  Probe  
  94  6:49  Probe x2  
  97  6:59  Templar Archives, Protoss Ground Weapons Level 2  
  97  7:00  Probe  
  97  7:01  Probe x2  
  99  7:03  Stalker x3  
  99  7:05  Forge  
  106  7:11  Charge  
  106  7:18  Stalker  
  106  7:19  Gateway  
  106  7:20  Gateway  
  106  7:21  Adept  
  110  7:23  Shield Battery, Zealot  
  112  7:30  Probe, Psionic Storm, Pylon  
  112  7:32  Pylon  
  112  7:33  Observer  
  112  7:34  Pylon  
  114  7:37  Stalker x2  
  114  7:42  Protoss Ground Armor Level 1  
  118  7:54  Zealot  
  120  8:03  High Templar x5  
  126  8:07  Photon Cannon  
  126  8:15  Probe  
  114  8:20  Phoenix  
  114  8:24  Stalker x3  
  112  8:29  Photon Cannon  
  112  8:32  Photon Cannon  
  112  8:34  Shield Battery  
  110  8:37  Stalker  
  110  8:38  Stalker x3, Pylon  
  110  8:40  Stalker  
  120  8:43  Phoenix  
  106  8:56  Probe  
  106  8:58  Archon  
  106  8:59  Stalker  
  106  9:03  Stalker x2, Phoenix  
  106  9:04  High Templar  
  114  9:10  Photon Cannon  
  114  9:17  High Templar  
  114  9:22  Pylon  
  114  9:23  Probe, Phoenix  
  117  9:29  Nexus  
  119  9:32  Pylon  
  119  9:35  Photon Cannon  
  119  9:36  Photon Cannon  
  119  9:42  Stalker  
  119  9:43  Stalker x3  
  127  9:48  High Templar, Phoenix  
  130  9:57  High Templar  
  130  9:59  Zealot x2  
  136  10:05  Photon Cannon  
  136  10:07  Photon Cannon  
  136  10:09  Nexus  
  136  10:10  Pylon  
  136  10:14  Zealot  
  138  10:16  Zealot  
  138  10:19  Zealot  
  140  10:24  Zealot  
  140  10:27  Probe x2  
  133  10:33  Probe  
  121  10:37  Photon Cannon  
  121  10:39  Probe x2, High Templar x2  
  121  10:40  Zealot x4  
  135  10:45  Probe  
  135  10:46  Photon Cannon  
  135  10:49  Shield Battery  
  121  11:07  Zealot x4  
  121  11:08  Zealot  
  121  11:10  High Templar  
  131  11:21  Stalker x2  
  130  11:33  Probe  
  121  11:51  Probe  
  102  11:55  High Templar  
  102  11:56  High Templar x3, Zealot x2  
  102  11:57  Zealot x2  
  102  12:00  Archon x2  
  116  12:16  Archon  
  116  12:22  High Templar x2, Zealot x2  
  114  12:29  Zealot x3  
  118  12:30  Archon  
  118  12:31  Zealot  
Show
View Real Time Build Order
Export as new Build Order

eRaZz Zerg - Winner!

Build Orders: Hatch First 

Get SALT Encoding   

  12  0:00  Drone  
  13  0:10  Drone  
  14  0:14  Extractor  
  14  0:15  Drone  
  15  0:35  Hatchery  
  15  0:40  Extractor  
  15  0:41  Drone  
  15  0:48  Overlord  
  15  1:02  Spawning Pool  
  14  1:06  Drone  
  14  1:08  Drone  
  16  1:12  Drone  
  17  1:27  Drone  
  17  1:29  Drone  
  19  1:41  Hatchery  
  18  1:48  Queen  
  18  1:52  Drone  
  21  1:55  Drone  
  21  1:58  Drone  
  21  2:00  Drone  
  24  2:10  Queen  
  26  2:17  Overlord  
  26  2:19  Drone  
  26  2:22  Extractor, Drone  
  27  2:29  Zergling x2  
  28  2:35  Drone x2  
  30  2:37  Overlord  
  30  2:42  Queen  
  32  2:46  Drone  
  33  2:57  Spore Crawler  
  32  3:01  Drone  
  32  3:02  Drone x2  
  32  3:03  Spore Crawler  
  32  3:05  Drone x4  
  39  3:19  Overlord  
  39  3:21  Queen  
  39  3:24  Spore Crawler  
  39  3:25  Drone  
  41  3:31  Drone  
  41  3:32  Drone x2  
  44  3:35  Queen  
  44  3:40  Overlord  
  46  3:42  Metabolic Boost  
  46  3:44  Drone  
  46  3:45  Drone  
  46  3:47  Drone  
  49  3:50  Drone  
  50  4:00  Overlord  
  50  4:02  Drone x6  
  56  4:12  Drone x5  
  56  4:16  Evolution Chamber  
  60  4:23  Zergling x4  
  62  4:24  Zergling x2  
  62  4:26  Zergling x2  
  62  4:31  Zergling x6  
  65  4:33  Hatchery  
  65  4:36  Spore Crawler  
  65  4:37  Spore Crawler  
  64  4:41  Zergling x8  
  68  4:52  Drone x7  
  72  4:56  Drone x2  
  72  5:04  Drone x2  
  73  5:07  Zerg Melee Weapons Level 1  
  73  5:13  Lair  
  73  5:14  Hatchery  
  72  5:21  Extractor  
  72  5:22  Extractor  
  68  5:31  Hatchery, Drone x2  
  68  5:32  Drone x4  
  73  5:38  Roach Warren  
  73  5:39  Overlord x2, Drone  
  73  5:42  Extractor  
  72  5:53  Drone  
  72  5:54  Overlord x2  
  73  5:57  Extractor  
  73  5:58  Extractor, Drone x2  
  73  5:59  Drone x3  
  73  6:00  Drone x2  
  73  6:01  Drone  
  79  6:07  Zergling x4  
  79  6:14  Zergling x14  
  86  6:20  Spire  
  86  6:21  Zergling x10  
  89  6:32  Zergling x6  
  91  6:39  Drone x4  
  93  6:44  Overlord  
  93  6:45  Drone x2  
  95  6:49  Drone  
  95  6:50  Drone x3  
  99  6:54  Hatchery  
  99  6:59  Spore Crawler  
  99  7:00  Drone x4  
  101  7:02  Zerg Melee Weapons Level 2  
  101  7:03  Overlord x2  
  101  7:05  Overlord  
  101  7:22  Overlord  
  101  7:23  Overlord  
  101  7:31  Mutalisk x10  
  101  7:34  Zerg Flyer Weapons Level 1  
  101  7:35  Zergling x10  
  126  7:41  Overlord x3  
  126  7:56  Mutalisk  
  126  7:57  Mutalisk x2  
  132  7:59  Zergling x2  
  132  8:00  Zergling x18  
  138  8:15  Mutalisk x3  
  138  8:17  Zergling x8  
  138  8:18  Zergling x14  
  145  8:24  Zergling x6  
  144  8:29  Infestation Pit  
  144  8:31  Drone x8  
  150  8:39  Overlord, Baneling Nest  
  149  8:43  Mutalisk  
  149  8:44  Mutalisk x2  
  149  8:45  Overlord x2  
  153  8:53  Zergling x20  
  132  9:02  Spore Crawler, Mutalisk x2  
  125  9:03  Mutalisk  
  125  9:05  Drone x9  
  125  9:09  Extractor  
  139  9:10  Extractor  
  139  9:11  Drone x3  
  139  9:16  Hive  
  141  9:20  Drone x3  
  141  9:21  Extractor  
  141  9:22  Mutalisk x2  
  147  9:29  Mutalisk  
  148  9:31  Zergling x24  
  159  9:42  Mutalisk x2  
  161  9:59  Overlord, Mutalisk x4  
  161  10:01  Zergling x20  
  179  10:10  Mutalisk x2  
  179  10:12  Zergling x4  
  179  10:13  Zergling x20  
  185  10:29  Mutalisk x5  
  185  10:37  Zergling x18  
  185  10:42  Ultralisk Cavern, Hatchery  
  190  10:46  Drone  
  190  10:47  Extractor, Drone x2  
  190  10:48  Adrenal Glands  
  188  11:03  Mutalisk x4  
  183  11:07  Zergling x24  
  176  11:23  Queen x2  
  155  11:33  Zergling x36  
  155  11:34  Zergling x2  
  153  11:43  Anabolic Synthesis  
  140  11:49  Ultralisk x5  
  140  11:50  Zergling x4  
  157  11:58  Baneling x8  
  157  11:59  Baneling  
  157  12:00  Baneling x5, Zergling x2  
  157  12:01  Zergling x12  
  154  12:18  Zergling x2  
  154  12:19  Zergling x18  
Tags
 
Add a new tag
Caveats
  • Supply blocks, unpowered buildings, or Contaminate may cause inaccurate times.
  • Supply counts are checked every 10 seconds.